 Dungeon Crawl Stone Soup version 0.29-a0-775-g4d7333d4e2 (webtiles) character file.

Game seed: 3318097939198543517

17 kae the Firebug (level 2, -1/15 HPs)
             Began as a Tengu Fire Elementalist on July 1, 2022.
             Was an Initiate of Ashenzari.
             Slain by a phantom (4 damage)
             ... on level 2 of the Dungeon.
             The game lasted 00:01:06 (972 turns).

kae the Firebug (Tengu Fire Elementalist)            Turns: 972, Time: 00:01:06

Health: -1/15      AC:  4    Str: 12    XL:     2   Next: 62%
Magic:  6/6        EV: 12    Int: 14    God:    Ashenzari [......]
Gold:   71         SH:  0    Dex: 13    Spells: 4/5 levels left

rFire   . . .      SeeInvis .   (no weapon)
rCold   + . .      Faith    .   (no shield)
rNeg    . . .      Spirit   .   a - +0 robe
rPois   .          Reflect  .   (helmet restricted)
rElec   .          Harm     .   (no cloak)
rCorr   .          Rampage  .   (no gloves)
Will    .....                   (boots unavailable)
Stlth   ++........              (no amulet)
HPRegen 0.05/turn               (no ring)
MPRegen 0.10/turn               (no ring)

@: flying
A: beak, talons 3, iridescent scales 1, cold resistance 1, strong 1, evolution 1
a: Renounce Religion


You were on level 2 of the Dungeon.
You worshipped Ashenzari.
Ashenzari was noncommittal.
You visited 1 branch of the dungeon, and saw 2 of its levels.

You collected 71 gold pieces.


Innate Abilities, Weirdness & Mutations

You have a beak for a mouth.
You have claws for feet.
You are partially covered in iridescent scales. (AC +2)
Your flesh is cold resistant. (rC+)
Your muscles are strong. (Str +4, Int/Dex -1)
You have hidden genetic potential.


   Skills:
 - Level 2.1 Dodging
 - Level 2.0 Stealth
 + Level 2.2 Spellcasting
 * Level 2.4 Conjurations
 * Level 3.7 Fire Magic


You had 4 spell levels left.
You knew the following spells:

 Your Spells              Type           Power      Damage    Failure   Level
a - Foxfire               Conj/Fire      40%        2x1d6     7%          1

Your spell library contained the following spells:

 Spells                   Type           Power      Damage    Failure   Level
 Scorch                   Fire           22%        2d6       8%          2
 Conjure Flame            Conj/Fire      10%        6-21      21%         3
 Inner Flame              Hex/Fire       6%         N/A       32%         3
 Flame Wave               Conj/Fire      10%        2d5       54%         4

Inventory:

Hand Weapons
 i - a +0 mace
   (You found it on level 1 of the Dungeon)
Missiles
 f - 21 stones
Armour
 a - a +0 robe (worn)
 l - a +0 robe
   (You found it on level 2 of the Dungeon)
Magical Staves
 d - a staff of fire {!a}
   (You found it on level 1 of the Dungeon)
Scrolls
 e - a scroll of fear
 g - a scroll of poison {!r}
 j - a scroll of fog
 k - 2 scrolls of identify {@r1}
Potions
 c - a potion of haste {@q3}

Dungeon Overview and Level Annotations

Branches:
Dungeon (2/15) Zot: 11027

Altars:
Ashenzari

######..#.#....#
.##.........#
..........'....+
..+.........+
#########.#....#
#.#......†..# #.#....#
#.#.........# #.#....##
#.#.........#
#.......#####...........#
#........##...#.###+####..
#.....##.W......##
#.....##.@...#...#
#.........S....#.#
#..............#..#
..............###.#
...............).....
.....#'#..)..##....
.....#.#....... ...
.....#.#.....### ..
#.......#


You could see a phantom and an adder.


Message History

A rat is nearby!
A rat is nearby!
Casting: Foxfire (safe; 7% risk of failure)
Confirm with . or Enter, or press ? or * to list all spells.
You conjure some foxfire! 😎 MP[-1]
You lost 1 mp, and now have 4/6 mp.
Casting: Foxfire (safe; 7% risk of failure)
Confirm with . or Enter, or press ? or * to list all spells.
You miscast Foxfire.
You are very lightly contaminated with residual magic.
Nothing appears to happen.
The foxfire hits the rat but does no damage.
The foxfire hits the rat.
You kill the rat!
Casting: Foxfire (safe; 7% risk of failure)
Confirm with . or Enter, or press ? or * to list all spells.
You conjure some foxfire! 😎 MP[-1]
You lost 1 mp, and now have 3/6 mp.
Your magical contamination has completely faded away.
l - a +0 robe Key pressed, stopping explore.
Casting: Foxfire (safe; 7% risk of failure)
Confirm with . or Enter, or press ? or * to list all spells.
You conjure some foxfire! 😎 MP[+1]
A kobold comes into view. It is wielding a +0 whip.
The kobold shouts! 😎 MP[+1]
A kobold is nearby!
A kobold is nearby!
Casting: Foxfire (safe; 7% risk of failure)
Confirm with . or Enter, or press ? or * to list all spells.
You conjure some foxfire!
A phantom comes into view.
The foxfire hits the kobold. 😎 MP[-1]
You lost 1 mp, and now have 4/6 mp.
Casting: Foxfire (safe; 7% risk of failure)
Confirm with . or Enter, or press ? or * to list all spells.
You conjure some foxfire!
The foxfire hits the kobold.
You kill the kobold!
An adder comes into view.
The foxfire hits the phantom but does no damage.
There are monsters nearby!
There are monsters nearby!
Casting: Foxfire (safe; 7% risk of failure)
Confirm with . or Enter, or press ? or * to list all spells.
You miscast Foxfire.
You are very lightly contaminated with residual magic.
Nothing appears to happen. 😎 MP[-1]
You lost 1 mp, and now have 3/6 mp.
Casting: Foxfire (safe; 7% risk of failure)
Confirm with . or Enter, or press ? or * to list all spells.
You conjure some foxfire!
The foxfire hits the phantom. x2 😎 MP[-1]
You lost 1 mp, and now have 2/6 mp.
Casting: Foxfire (safe; 7% risk of failure)
Confirm with . or Enter, or press ? or * to list all spells.
You conjure some foxfire!
The phantom hits you but does no damage.
The foxfire hits the phantom. x2; The phantom hits you.
The phantom blinks!
You blink.
Your magical contamination has completely faded away. 😮 HP[-6] MP[-1]
You take 6 damage, and now have 9/15 hp.
MASSIVE DAMAGE!! (PAUSE)
You lost 1 mp, and now have 1/6 mp.
Okay, then.
Casting: Foxfire (safe; 7% risk of failure)
Confirm with . or Enter, or press ? or * to list all spells.
You conjure some foxfire!
The phantom hits you.
* * * LOW HITPOINT WARNING * * *
The foxfire hits the phantom but does no damage.
The foxfire hits the phantom.
The adder misses you.
The phantom closely misses you. 😨 HP[-2]
You take 2 damage, and now have 7/15 hp.
Casting: Foxfire (safe; 7% risk of failure)
Confirm with . or Enter, or press ? or * to list all spells.
You conjure some foxfire!
The adder barely misses you. x2
The phantom closely misses you.
The foxfire hits the phantom.
The foxfire hits the phantom but does no damage.
The adder closely misses you. The phantom barely misses you. 😨 MP[-1]
You lost 1 mp, and now have 0/6 mp.
It was a potion of flight.
You feel very buoyant.
You fly up into the air.
The adder completely misses you. The phantom hits you.
* * * LOW HITPOINT WARNING * * *
😱 HP[-4]
You take 4 damage, and now have 3/15 hp.
MASSIVE DAMAGE!! (PAUSE) Magic courses through your body.
The adder barely misses you. The phantom hits you.
You die...

Skill      XL: |  1 |
---------------+----+-----
Conjurations   | 2 |  2.4
Dodging        | |  2.1
Stealth        | |  2.0
Spellcasting   | |  2.2
Fire Magic     | |  3.7

Action                   || total
-------------------------++-------
 Cast: Foxfire           ||    37
  Use: Scroll            ||     4
       Potion            ||     5
Armor: Robe              ||     3
Dodge: Dodged            ||    14

Levels and vault maps discovered:
D:1:      co_arrival_square_in_a_square_in_a_square, layout_basic,
          ebering_ecumenical_altar_abandoned
D:2:      layout_basic, basic_altar

Notes
Turn   | Place    | Note
-------+----------+-------------------------------------------
     0 | D:1      | kae the Tengu Fire Elementalist began the quest for the
                  | Orb.
     0 | D:1      | Reached XP level 1. HP: 10/10 MP: 4/4
     0 | D:1      | magus.rc [v1.11.3]
    43 | D:1      | Gained mutation: You are frail. (-10% HP) [potion of
                  | mutation]
    43 | D:1      | Gained mutation: You are somewhat resistant to further
                  | mutation. [potion of mutation]
    44 | D:1      | Lost mutation: You are somewhat resistant to further
                  | mutation. [potion of mutation]
    44 | D:1      | Lost mutation: You are frail. (-10% HP) [potion of
                  | mutation]
    44 | D:1      | Gained mutation: You are partially covered in iridescent
                  | scales. (AC +2) [potion of mutation]
    44 | D:1      | Gained mutation: You have hidden genetic potential. [potion
                  | of mutation]
    44 | D:1      | Gained mutation: Your muscles are strong. (Str +4, Int/Dex
                  | -1) [potion of mutation]
    44 | D:1      | Gained mutation: Your flesh is cold resistant. (rC+)
                  | [potion of mutation]
   198 | D:1      | Found a faded altar of an unknown god.
   324 | D:1      | Reached skill level 2 in Conjurations
   324 | D:1      | Reached XP level 2. HP: 13/15 MP: 3/6
   848 | D:2      | Found a broken altar of Ashenzari.
   885 | D:2      | Became a worshipper of Ashenzari the Shackled
   955 | D:2      | Noticed a phantom
   971 | D:2      | HP: 3/15 [phantom (4)]
   972 | D:2      | Slain by a phantom

Vanquished Creatures
  2 endoplasms
  A giant cockroach (D:2)
  4 goblins (D:1)
  A hobgoblin (D:1)
  A ball python (D:1)
  A bat (D:2)
  A frilled lizard (D:2)
  4 kobolds
  2 rats
17 creatures vanquished.

Vanquished Creatures (others)
  62 foxfires
62 creatures vanquished.

Grand Total: 79 creatures vanquished

Table legend:
 A = Non-vault XP
 B = Vault XP
 C = Vault XP percentage of total XP
 D = Non-vault monster count
 E = Vault monster count
 F = Vault count percentage of total count
                 A         B        C        D         E       F
            +---------+---------+-------+---------+---------+-------
      Total |      25 |       0 |   0.0 |      17 |       0 |   0.0
            +---------+---------+-------+---------+---------+-------
        D:1 |      15 |       0 |   0.0 |      10 |       0 |   0.0
        D:2 |      10 |       0 |   0.0 |       7 |       0 |   0.0
            +---------+---------+-------+---------+---------+-------

Illustrated notes

Table legend:
 A = Kills in this place as a percentage of kills in entire the game.
 B = Kills by you in this place as a percentage of kills by you in the entire game.
 C = Kills by friends in this place as a percentage of kills by friends in the entire game.
 D = Other kills in this place as a percentage of other kills in the entire game.
 E = Experience gained in this place as a percentage of experience gained in the entire game.
 F = Experience gained in this place divided by the number of levels of this place that you have seen.
                   A       B       C       D       E      F
               +-------+-------+-------+-------+-------+----------------------
         Total | 100.0 | 100.0 |   N/A |   N/A | 100.0 |  12.5
       Dungeon | 100.0 | 100.0 |   N/A |   N/A | 100.0 |  12.5
               +-------+-------+-------+-------+-------+----------------------

Table legend: (Time is in decaauts)
 A = Elapsed time spent in this place.
 B = Non-inter-level travel time spent in this place.
 C = Inter-level travel time spent in this place.
 D = Time resting spent in this place.
 E = Time spent auto-exploring this place.
 F = Levels seen in this place.
 G = Mean time per level.
                   A        B        C        D        E       F      G
               +--------+--------+--------+--------+--------+-----+--------+
         Total |    971 |    961 |     10 |     13 |    794 |   2 |  485.5 |
       Dungeon |    971 |    961 |     10 |     13 |    794 |   2 |  485.5 |
               +--------+--------+--------+--------+--------+-----+--------+

Top non-repeatable levels by time:
     D:1: 671 daAuts
     D:2: 300 daAuts
